 Dungeon Crawl Stone Soup version 0.27.1-34-g3ba077fa99 (webtiles) character file.

Game seed: 3373184217426363678

119 cbfl8 the Covered (level 4, -7/41 HPs)
             Began as a Minotaur Fighter on Jan 18, 2022.
             Mangled by a gnoll (9 damage)
             ... on level 2 of the Dungeon.
             The game lasted 00:02:15 (1323 turns).

cbfl8 the Covered (Minotaur Fighter)                Turns: 1323, Time: 00:02:16

Health: -7/41      AC:  7    Str: 21    XL:     4   Next: 74%
Magic:  3/3        EV:  4    Int:  6    God:
Gold:   19         SH:  0    Dex:  9    Spells: 3/3 levels left

rFire    . . .     SeeInvis .   a - +0 war axe
rCold    + . .     Faith    .   c - +0 kite shield
rNeg     . . .     Spirit   .   b - +0 scale mail
rPois    .         Reflect  .   (helmet restricted)
rElec    .         Harm     .   (no cloak)
rCorr    .         Rampage  .   (no gloves)
Will     .....                  (no boots)
Stlth    ..........             (no amulet)
HPRegen  0.13/turn              f - ring of protection from cold
MPRegen  0.08/turn              (no ring)

@: held
A: horns 2, retaliatory headbutt
a: no special abilities


You were on level 2 of the Dungeon.
You visited 1 branch of the dungeon, and saw 2 of its levels.

You collected 19 gold pieces.

Inventory:

Hand Weapons
 a - a +0 war axe (weapon)
Armour
 b - a +0 scale mail (worn)
 c - a +0 kite shield (worn)
Jewellery
 f - a ring of protection from cold (left hand)
Scrolls
 e - a scroll of identify {unknown}
 j - a scroll of immolation {unknown}
Potions
 d - a potion of might
 g - 3 potions of mutation {unknown}
 h - a potion of ambrosia {unknown}
 i - a potion of haste {unknown}
 k - a potion of attraction {unknown}


   Skills:
 + Level 4.5 Fighting
 + Level 3.6 Axes
 + Level 4.8 Armour
 + Level 0.3 Dodging
 + Level 0.1 Stealth
 + Level 4.2 Shields


You had 3 spell levels left.
You didn't know any spells.
Your spell library contained the following spells:

 Spells                   Type           Power      Damage    Failure   Level
 Corpse Rot               Necr/Air       N/A        N/A       100%        2
 Poisonous Vapours        Pois/Air       0%         N/A       100%        2
 Ozocubu's Armour         Ice            0%         N/A       100%        3
 Freezing Cloud           Conj/Ice/Air   0%         6-21      100%        5
 Ozocubu's Refrigeration  Ice            0%         4d5       100%        7


Dungeon Overview and Level Annotations

Branches:
Dungeon (2/15)

Altars:
Trog


Innate Abilities, Weirdness & Mutations

You have a pair of horns on your head.
You reflexively headbutt those who attack you in melee.


Message History

The gnoll shouts!
The bat barely misses you. You furiously retaliate!
You headbutt the bat!
You kill the bat!
The gnoll hits you with a +0 whip.
The gnoll hits you from afar with a +0 halberd.
The gnoll hits you with a +0 flail!
The gnoll moves out of view.
You hit the gnoll. You headbutt the gnoll!
You kill the gnoll!
You hit the gnoll.
The gnoll throws a throwing net.
The throwing net barely misses you. You block the gnoll's attack.
Unknown command.
The gnoll hits you from afar with a +0 halberd!
* * * LOW HITPOINT WARNING * * *
The gnoll barely misses you.
Things that are here:
a +0 whip; a gnoll corpse The gnoll closely misses you.
You closely miss the gnoll.
You headbutt the gnoll, but do no damage.
The gnoll is lightly wounded.
You hit the gnoll. The gnoll hits you but does no damage.
The gnoll barely misses you. You furiously retaliate!
You headbutt the gnoll! You block the gnoll's attack.
Unknown command.
You slash the gnoll!
The gnoll is almost dead.
You hit the gnoll.
You kill the gnoll!
The gnoll throws a throwing net.
The throwing net hits you.
You become entangled in the net!
The gnoll barely misses you.
Unknown command.
You struggle against the net.
The gnoll hits you from afar with a +0 halberd!
* * * LOW HITPOINT WARNING * * *
The gnoll hits you with a +0 flail.
* * * LOW HITPOINT WARNING * * *
Unknown command.
You struggle against the net.
The gnoll hits you from afar with a +0 halberd!
You die...

................#+##
################...#
...................#
################.#######
. #.# ..... ##
#######)#.8.8.8 .
.......(#...... #
......†g)g..... #
.......@#...... #
........#.8.8.8
........# .....
........# #####
........# ........#
........# #########


You could see 2 gnolls.

Vanquished Creatures
  Natasha (thrice) (D:2)
  2 gnolls (D:2)
  A dart slug (D:1)
  5 bats
  2 endoplasms
  A giant cockroach (D:2)
  A goblin (D:1)
  A hobgoblin (D:1)
  2 quokkas
  3 ball pythons (D:1)
  2 frilled lizards
  4 kobolds
  A rat (D:1)
28 creatures vanquished.

Vanquished Creatures (others)
  10 plants (D:2)
10 creatures vanquished.

Grand Total: 38 creatures vanquished

Notes
Turn   | Place    | Note
-------+----------+-------------------------------------------
     0 | D:1      | cbfl8 the Minotaur Fighter began the quest for the Orb.
     0 | D:1      | Reached XP level 1. HP: 19/19 MP: 0/0
   406 | D:1      | Reached XP level 2. HP: 25/27 MP: 1/1
   767 | D:2      | Found a bloodstained altar of Trog.
   816 | D:2      | Noticed Natasha
   826 | D:2      | Killed Natasha
   827 | D:2      | Reached XP level 3. HP: 32/33 MP: 2/2
   845 | D:2      | Noticed Natasha
   855 | D:2      | Killed Natasha
   856 | D:2      | Reached XP level 4. HP: 20/40 MP: 3/3
  1040 | D:2      | Noticed Natasha
  1057 | D:2      | Killed Natasha
  1322 | D:2      | HP: 2/41 [gnoll (2)]
  1323 | D:2      | Mangled by a gnoll

Illustrated notes

Levels and vault maps discovered:
D:1:      scummos_arrival_simple_fountains, layout_basic
D:2:      layout_basic, basic_altar, serial_bayou_pond_c, grunt_ministairs_3,
          uniq_natasha

Skill      XL: |  1  2 |
---------------+-------+-----
Armour         | 4 |  4.8
Shields        | 4 |  4.2
Fighting       | 4 |  4.5
Axes           | 3 |  3.6
Dodging        | |  0.3
Stealth        | |  0.1

Action                   |  1- 3 |  4- 6 || total
-------------------------+-------+-------++-------
Melee: War axe           |    58 |    10 ||    68
       Headbutt          |     4 |     2 ||     6
Armor: Scale mail        |    37 |     6 ||    43
Dodge: Dodged            |    22 |    14 ||    36
Block: Kite shield       |    34 |     7 ||    41
